 Dungeon Crawl Stone Soup version 0.26-a0-639-g72c4674329 (webtiles) character file.

Game seed: 13534892363177303911

4101 DogServant the Destroyer (level 10, -4/63 HPs)
             Began as a Gargoyle Conjurer on Sept 16, 2020.
             Shot with an arrow by a centaur warrior (7 damage)
             ... on level 8 of the Dungeon.
             The game lasted 00:26:40 (13136 turns).

DogServant the Destroyer (Gargoyle Conjurer)       Turns: 13136, Time: 00:26:40

Health: -4/63      AC: 11    Str: 12    XL:     10   Next: 26%
Magic:  17/20      EV: 12    Int: 21    God:
Gold:   504        SH:  0    Dex:  8    Spells: 9/23 levels left

rFire    . . .     SeeInvis .   t - +4 dire flail (venom)
rCold    . . .     Faith    +   (shield currently unavailable)
rNeg     + . .     Spirit   .   a - +1 robe
rPois    ∞         Reflect  .   i - +1 hat
rElec    +         Harm     .   (no cloak)
rCorr    .         Rampage  .   (no gloves)
MR       .....                  (no boots)
Stlth    ++........             h - amulet of faith
HPRegen  0.20/turn              (no ring)
MPRegen  0.17/turn              (no ring)

@: no status effects
A: negative energy resistance 1, electricity resistance, unbreathing,
petrification resistance, rot immunity, AC +7
a: no special abilities


You were on level 8 of the Dungeon.
You visited 2 branches of the dungeon, and saw 9 of its levels.
You also visited: Ossuary.

You collected 504 gold pieces.

Inventory:

Hand Weapons
 t - a +4 dire flail of venom (weapon)
Armour
 a - a +1 robe (worn)
 i - a +1 hat (worn)
 u - a +1 leather armour of magic resistance
Jewellery
 h - an amulet of faith (around neck)
Wands
 r - a wand of random effects (9)
 v - a wand of polymorph (3)
 C - a wand of iceblast (6)
Scrolls
 b - 13 scrolls of identify
 d - 3 scrolls of fog
 e - 2 scrolls of fear
 g - a scroll of random uselessness
 j - a scroll of immolation
 l - 2 scrolls of enchant armour
 n - 4 scrolls of teleportation
 y - a scroll of blinking
 A - a scroll of remove curse
Potions
 c - 6 potions of curing
 f - a potion of flight {unknown}
 k - a potion of stabbing {unknown}
 m - a potion of cancellation {unknown}
 o - a potion of heal wounds {unknown}
 p - 2 potions of brilliance {unknown}
 q - a potion of might {unknown}
 s - 2 potions of degeneration {unknown}
 w - 3 potions of lignification {unknown}
 x - a potion of haste {unknown}
 z - a potion of resistance {unknown}
 B - a potion of ambrosia {unknown}


   Skills:
 - Level 7.0 Fighting
 - Level 1.4 Armour
 + Level 2.6 Dodging
 - Level 2.5 Stealth
 - Level 0.2 Unarmed Combat
 + Level 7.2 Spellcasting
 + Level 9.6 Conjurations
 + Level 5.0 Hexes
 + Level 2.2 Translocations


You had 9 spell levels left.
You knew the following spells:

 Your Spells              Type           Power        Failure   Level
a - Magic Dart            Conj           ####         1%          1
b - Searing Ray           Conj           #####.       1%          2
c - Dazzling Flash        Conj/Hex       #####.       1%          3
d - Fulminant Prism       Conj/Hex       #####.....   4%          4
e - Iskenderun's Mystic   Conj/Tloc      ####....     8%          4

Your spell library contained the following spells:

 Spells                   Type           Power        Failure   Level
 Slow                     Hex            ####....     1%          2
 Conjure Flame            Conj/Fire      ####....     3%          3
 Blink                    Tloc           N/A          5%          2
 Mephitic Cloud           Conj/Pois/Air  ###.....     7%          3
 Call Imp                 Summ           #.......     13%         2


Dungeon Overview and Level Annotations

Branches:
Dungeon (8/15)             Temple (1/1) D:4         Ossuary (visited)
   Lair: D:8-11

Altars:
Ashenzari
Cheibriados
Dithmenos
Elyvilon
Fedhas
Hepliaklqana
Kikubaaqudgha
Makhleb
Nemelex Xobeh
Okawaru
Qazlal
Ru
Sif Muna
Trog
Wu Jian
Xom
Yredelemnul
Zin
The Shining One


Innate Abilities, Weirdness & Mutations

You are resistant to torment.
Your stone body is resilient. (AC +7)
You are immune to poison.
You resist negative energy. (rN+)
You are resistant to electric shocks. (rElec)
You can survive without breathing.
You are immune to petrification.
You are immune to rotting.


Message History

You see here an arrow.
Casting: Searing Ray (safe; 1% risk of failure)
Confirm with . or Enter, or press ? or * to list all spells.
Okay, then.
Casting: Searing Ray (safe; 1% risk of failure)
Confirm with . or Enter, or press ? or * to list all spells.
Aiming: Searing Ray (safe; 1% risk of failure)
Press: ? - help, Shift-Dir - straight line, f - centaur warrior
Aim: a centaur warrior, wielding a +0 shortbow and quivering 10 arrows The searing ray hits the centaur warrior.
The centaur warrior is lightly wounded. (Press . to maintain the ray.)
The centaur warrior shoots an arrow.
The arrow hits you!!
* * * LOW HITPOINT WARNING * * *
The searing ray hits the centaur warrior!
The centaur warrior is heavily wounded.
The centaur warrior shoots an arrow.
The arrow hits you!
* * * LOW HITPOINT WARNING * * *
The centaur warrior shoots an arrow.
The arrow hits you!
You die...

#.......#....##.####
#.........#.........
#.........#.###.####
#........#..###...##
#...............#..#
#########(......###...<.##..
................# #.....##..
..[.............###.....#...
...........@).............#.
.......c.######.............
..##..(.........................
.#..........##########.....###.
^......e...#####..............
#................######..#####
...........(.#### ##.##
........|#.....## #..#
##...#######...(.####.##


You could see a centaur warrior.

Vanquished Creatures
  A deep elf mage (D:8)
  Grinder (D:6)
  Edmund (D:6)
  2 ice beasts
  A hornet zombie (D:6)
  A sky beast (D:6)
  2 necrophages
  2 black bears (D:8)
  A phantom (D:6)
  4 ogres
  A centaur (D:6)
  3 big kobolds
  A wyvern skeleton (D:8)
  3 scorpions
  9 killer bees
  4 wights (D:7)
  A howler monkey (D:8)
  A bullfrog zombie (D:8)
  3 jellies
  5 orc priests
  2 hounds (D:4)
  5 orc wizards
  A centaur skeleton (D:7)
  3 iguanas
  2 worker ants
  A hound zombie (D:7)
  3 mummies (Ossuary)
  A hound skeleton (D:4)
  Robin (D:2)
  2 worker ant zombies
  3 gnolls (D:3)
  15 adders
  A shadow imp (D:4)
  A white imp (D:5)
  An ufetubus (D:6)
  3 oozes
  5 adder zombies (Ossuary)
  5 worms
  3 dart slugs
  6 leopard geckos
  33 orcs
  2 ball pythons
  7 giant cockroaches
  18 goblins
  11 hobgoblins
  14 jackals
  A quokka (D:2)
  4 bats
  12 frilled lizards
  3 goblin zombies (Ossuary)
  2 hobgoblin zombies (Ossuary)
  3 jackal zombies
  19 kobolds
  A kobold zombie (Ossuary)
  4 quokka zombies
  10 rats
  4 rat zombies (Ossuary)
  2 fulminant prisms
261 creatures vanquished.

Vanquished Creatures (others)
  5 fulminant prisms
  12 plants
17 creatures vanquished.

Grand Total: 278 creatures vanquished

Notes
Turn   | Place    | Note
-------+----------+-------------------------------------------
     0 | D:1      | DogServant the Gargoyle Conjurer began the quest for the
                  | Orb.
     0 | D:1      | Reached XP level 1. HP: 10/10 MP: 3/3
   257 | D:1      | Reached XP level 2. HP: 15/15 MP: 1/5
   409 | D:1      | Learned a level 2 spell: Searing Ray
   681 | D:1      | Reached skill level 5 in Conjurations
   686 | D:1      | Reached XP level 3. HP: 18/19 MP: 0/6
  1306 | D:2      | Found a sacrificial altar of Ru.
  1667 | D:2      | Reached XP level 4. HP: 24/24 MP: 3/7
  1673 | D:2      | Noticed Robin
  1733 | D:2      | Killed Robin
  2021 | D:2      | Found a faded altar of an unknown god.
  2519 | D:2      | Reached XP level 5. HP: 28/28 MP: 6/9
  3568 | D:3      | Found a burning altar of Makhleb.
  3841 | D:3      | Reached skill level 6 in Conjurations
  3946 | D:3      | Reached skill level 1 in Fighting
  4433 | D:3      | Reached XP level 6. HP: 34/34 MP: 5/11
  5118 | D:4      | Found a staircase to the Ecumenical Temple.
  5127 | Temple   | Entered the Ecumenical Temple
  5407 | D:4      | Found a hazy altar of Hepliaklqana.
  5837 | D:4      | Reached XP level 7. HP: 40/40 MP: 2/13
  6055 | D:4      | Found an ornate altar of the Wu Jian Council.
  6122 | D:5      | Entered Level 5 of the Dungeon
  6810 | D:5      | Reached skill level 7 in Conjurations
  6850 | D:5      | Learned a level 3 spell: Dazzling Flash
  6855 | D:5      | Learned a level 4 spell: Fulminant Prism
  7307 | D:6      | Noticed Edmund
  7316 | D:6      | Killed Edmund
  7423 | D:6      | Found an ornate altar of the Wu Jian Council.
  7441 | D:6      | Reached skill level 5 in Spellcasting
  7441 | D:6      | Reached skill level 1 in Hexes
  7441 | D:6      | Reached XP level 8. HP: 48/48 MP: 1/15
  7701 | D:6      | Noticed Grinder
  7710 | D:6      | Paralysed by Grinder for 6 turns
  7737 | D:6      | Found an ancient bone altar of Kikubaaqudgha.
  7769 | D:6      | Killed Grinder
  8341 | D:6      | Reached skill level 5 in Fighting
  8341 | D:6      | Reached skill level 8 in Conjurations
  8861 | D:6      | Reached XP level 9. HP: 54/54 MP: 5/17
  9524 | D:6      | Found a shimmering altar of Xom.
 10032 | D:7      | Found a shadowy altar of Dithmenos.
 10275 | D:7      | Found a sand-covered staircase.
 10284 | Ossuary  | Entered an ossuary
 10470 | Ossuary  | Reached skill level 9 in Conjurations
 11260 | D:7      | Found a glowing silver altar of Zin.
 11415 | D:7      | Learned a level 4 spell: Iskenderun's Mystic Blast
 11987 | D:8      | Reached skill level 1 in Armour
 12040 | D:8      | Reached skill level 1 in Translocations
 12113 | D:8      | Reached XP level 10. HP: 63/63 MP: 16/20
 12551 | D:8      | Noticed a centaur warrior
 12562 | D:8      | HP: 1/63 [centaur warrior/arrow (7)]
 12563 | D:8      | Noticed a deep elf mage
 12936 | D:8      | Found a shattered altar of Ashenzari.
 13024 | D:8      | Killed a deep elf mage
 13024 | D:8      | Reached skill level 5 in Hexes
 13136 | D:8      | HP: 3/63 [centaur warrior/arrow (7)]
 13136 | D:8      | Shot with an arrow by a centaur warrior

Illustrated notes

Levels and vault maps discovered:
D:1:      mrwooster_arrival_arrow, layout_loops_cross, serial_forest,
          infiniplex_forest_lined_1, infiniplex_forest_lined_corner,
          infiniplex_forest_clump_curved, infiniplex_forest_clump_curved,
          infiniplex_forest_corner_1, minmay_lizard_pond
D:2:      layout_basic, chequers_ecumenical_altar_simple, lemuel_altar_in_water,
          uniq_robin
D:3:      layout_basic, lemuel_doored_altar
D:4:      layout_rooms, nicolae_overflow_crystal_walls, kennysheep_little_box,
          minmay_temple_entry_statues_pillars, abandoned_shop,
          minmay_goblin_kobold_house
D:5:      layout_loops_corners
D:6:      layout_basic, basic_altar, kennysheep_pointless_box,
          hangedman_feature_mirror, uniq_edmund, uniq_grinder
D:7:      layout_loops_ring, lemuel_round_altar, enter_ossuary_3,
          nicolae_dithmenos_shadow_blocks
D:8:      layout_rooms, nicolae_gozag_zags_fifth_avenue,
          ashenzari_conservatory_becter, serial_shops, shop,
          minmay_shattered_shrine
Temple:   jpeg_temple_clearing

Skill      XL: |  1  2  3  4  5  6  7  8  9 10 |
---------------+-------------------------------+-----
Conjurations   | 5 6 7 8 9 |  9.6
Dodging        | 2 |  2.6
Spellcasting   | 3 4 5 6 7 |  7.2
Fighting       | 1 2 4 5 7 |  7.0
Hexes          | 1 3 4 5 |  5.0
Armour         | 1 |  1.4
Translocations | 1 2 |  2.2
Stealth        | |  2.5
Unarmed Combat | |  0.2

Action                   |  1- 3 |  4- 6 |  7- 9 | 10-12 || total
-------------------------+-------+-------+-------+-------++-------
Melee: Unarmed           |    53 |       |       |       ||    53
       Dagger            |    19 |    44 |       |       ||    63
 Cast: Magic Dart        |    45 |   100 |   102 |     9 ||   256
       Searing Ray       |     2 |    30 |    83 |    14 ||   129
       Fulminant Prism   |       |       |     4 |     3 ||     7
       Dazzling Flash    |       |       |       |     1 ||     1
  Use: Scroll            |       |     1 |    10 |     2 ||    13
       Potion            |       |     1 |       |       ||     1
 Stab: Sleeping          |     1 |       |       |       ||     1
Armor: Robe              |    24 |    34 |    18 |     1 ||    77
Dodge: Dodged            |    53 |    45 |    48 |    12 ||   158

Table legend: (Time is in decaauts)
 A = Elapsed time spent in this place.
 B = Non-inter-level travel time spent in this place.
 C = Inter-level travel time spent in this place.
 D = Time resting spent in this place.
 E = Time spent auto-exploring this place.
 F = Levels seen in this place.
 G = Mean time per level.
                   A        B        C        D        E       F      G
               +--------+--------+--------+--------+--------+-----+--------+
         Total |  13118 |  12867 |    251 |   3387 |   7919 |  10 | 1311.8 |
       Dungeon |  12365 |  12128 |    237 |   3232 |   7416 |   8 | 1545.6 |
        Temple |    107 |     94 |     13 |      0 |     94 |   1 |  107.0 |
       Ossuary |    644 |    644 |      0 |    155 |    409 |   1 |  644.0 |
               +--------+--------+--------+--------+--------+-----+--------+

Top non-repeatable levels by time:
     D:6: 2435 daAuts
     D:2: 2201 daAuts
     D:7: 1476 daAuts
     D:4: 1339 daAuts
     D:1: 1305 daAuts
     D:8: 1257 daAuts
     D:5: 1182 daAuts
     D:3: 1166 daAuts
 Ossuary: 644 daAuts
  Temple: 107 daAuts
